 Dungeon Crawl Stone Soup version 0.29-a0-284-gf9362112df (webtiles) character file.

Game seed: 5760980503427611375

86 dolemite99 the Chopper (level 4, -4/39 HPs)
             Began as a Hill Orc Fighter on Mar 20, 2022.
             Was a Follower of Elyvilon.
             Slain by Sigmund
             ... wielding a +0 scythe
              (7 damage)
             ... on level 3 of the Dungeon.
             The game lasted 00:03:15 (2469 turns).

dolemite99 the Chopper (Hill Orc Fighter)           Turns: 2469, Time: 00:03:15

Health: -4/39      AC:  9    Str: 20    XL:     4   Next: 50%
Magic:  4/4        EV:  7    Int:  8    God:    Elyvilon [*.....]
Gold:   118        SH:  4    Dex: 10    Spells: 3/3 levels left

rFire   . . .      SeeInvis .   a - +3 war axe
rCold   . . .      Faith    .   c - +0 buckler
rNeg    . . .      Spirit   .   i - +0 chain mail
rPois   +          Reflect  .   (no helmet)
rElec   .          Harm     .   (no cloak)
rCorr   .          Rampage  .   (no gloves)
Will    .....                   (no boots)
Stlth   ..........              (no amulet)
HPRegen 0.13/turn               g - ring of poison resistance
MPRegen 0.09/turn               (no ring)

@: mighty
A: no striking features
a: Renounce Religion, Purification


You were on level 3 of the Dungeon.
You worshipped Elyvilon.
Elyvilon was aware of your devotion.
You visited 1 branch of the dungeon, and saw 3 of its levels.

You collected 118 gold pieces.

Inventory:

Hand Weapons
 a - a +3 war axe (weapon)
 m - a +0 hunting sling
Missiles
 t - 4 boomerangs (quivered)
Armour
 b - a +0 scale mail
 c - a +0 buckler (worn)
 e - a +0 ring mail
 i - a +0 chain mail (worn)
 s - the +2 pair of gloves of Xiuxaogy {Harm Rampage rF- Will+}
   (You found it on level 3 of the Dungeon)

   rF:        It makes you vulnerable to fire.
   Harm:      It increases damage dealt and taken.
   Rampage:   It bestows one free step when moving towards enemies.
   Will:      It increases your willpower.
Jewellery
 g - a ring of poison resistance (left hand)
 h - a ring of fire
 k - a ring of willpower
Scrolls
 j - a scroll of teleportation {unknown}
 o - a scroll of brand weapon {unknown}
 p - 3 scrolls of identify {unknown}
 r - a scroll of enchant armour {unknown}
 u - 3 scrolls of summoning {unknown}
Potions
 l - a potion of degeneration {unknown}
 n - a potion of mutation {unknown}
 q - a potion of haste {unknown}


   Skills:
 - Level 3.6 Fighting
 + Level 6.1 Axes
 - Level 3.2 Armour
 - Level 3.2 Shields


You had 3 spell levels left.
You didn't know any spells.
Your spell library was empty.

Dungeon Overview and Level Annotations

Branches:
Dungeon (3/15)

Altars:
Ashenzari
Elyvilon

Annotations:
D:3 Sigmund


Message History

the felid corpse of Natasha; an adder corpse You feel better.
You closely miss something.
You hear some strange, mumbled words.
A magic dart appears from out of thin air!
The magic dart hits you!
You slash something!
You hear some strange, mumbled words.
A puff of flame appears from out of thin air!
The puff of flame hits you. Something hits you.
* * * LOW HITPOINT WARNING * * *
You feel better.
You slash something! Something hits you.
You closely miss something.
You hear some strange, mumbled words.
A magic dart appears from out of thin air!
The magic dart hits you but does no damage.
You barely miss something.
You hear some strange, mumbled words.
A magic dart appears from out of thin air!
The magic dart hits you.
* * * LOW HITPOINT WARNING * * *
Something hits you but does no damage.
You feel mightier all of a sudden.
You closely miss something.
You hear some strange, mumbled words.
You are confused.
You closely miss something. Something hits you.
* * * LOW HITPOINT WARNING * * *
You bump into the rock wall.
Something completely misses you.
You bump into the rock wall.
You're too confused to move!
Something hits you.
* * * LOW HITPOINT WARNING * * *
You completely miss something.
You hear some strange, mumbled words.
Something tries to affect you, but you resist.
You bump into the rock wall.
You feel less confused. Something hits you!
You die...

#............
##....#######
############ #....#######
...........# #..........#
...........# #..........#
...........###..........#
..........>'.'..........#
...........###....#'#####
########@#.########..####
########{#...............
........r########........
.........# #....####
........... +........
.........### #.....###
.......... ..........
........... ...........
........... ...........


You could see a rat.

Vanquished Creatures
  Natasha (D:3)
  3 adders
  A dart slug (D:1)
  3 endoplasms (D:1)
  2 giant cockroaches
  3 goblins
  5 hobgoblins
  A kobold (D:2)
  6 ball pythons
  2 bats (D:1)
  3 frilled lizards
  5 rats
35 creatures vanquished.

Notes
Turn   | Place    | Note
-------+----------+-------------------------------------------
     0 | D:1      | dolemite99 the Hill Orc Fighter began the quest for the
                  | Orb.
     0 | D:1      | Reached XP level 1. HP: 19/19 MP: 1/1
    54 | D:1      | Reached skill level 3 in Axes
   105 | D:1      | Reached XP level 2. HP: 7/26 MP: 2/2
   599 | D:1      | Reached skill level 4 in Axes
  1042 | D:1      | Found a faded altar of an unknown god.
  1050 | D:1      | Prayed at the altar of an unknown god.
  1050 | D:1      | Became a worshipper of Elyvilon the Healer
  1050 | D:1      | Reached * piety under Elyvilon
  1206 | D:2      | Reached XP level 3. HP: 31/31 MP: 3/3
  1756 | D:2      | Reached skill level 5 in Axes
  2072 | D:3      | Identified the +2 pair of gloves of Xiuxaogy {Harm Rampage
                  | rF- Will+}
  2158 | D:3      | Found a broken altar of Ashenzari.
  2437 | D:3      | Noticed Natasha
  2438 | D:3      | Noticed Sigmund
  2446 | D:3      | Reached XP level 4. HP: 39/39 MP: 4/4
  2453 | D:3      | Killed Natasha
  2454 | D:3      | Reached skill level 6 in Axes
  2469 | D:3      | Slain by Sigmund

Illustrated notes

Levels and vault maps discovered:
D:1:      nicolae_arrival_somewhat_less_tricky_arrival, layout_rooms,
          basic_ecumenical_altar
D:2:      layout_basic, chequers_decorated_corner
D:3:      kennysheep_six_static_rooms, layout_basic,
          mainiacjoe_overflow_tiny_flanked, uniq_natasha, uniq_sigmund

Skill      XL: |  1  2  3  4 |
---------------+-------------+-----
Axes           | 3 4 5 6 |  6.1
Fighting       | |  3.6
Armour         | |  3.2
Shields        | |  3.2

Action                   |  1- 3 |  4- 6 || total
-------------------------+-------+-------++-------
Melee: War axe           |    88 |    13 ||   101
Throw: Boomerang         |     6 |       ||     6
  Use: Scroll            |     4 |       ||     4
       Potion            |     1 |     4 ||     5
Armor: Scale mail        |    33 |       ||    33
       Chain mail        |    27 |    10 ||    37
Dodge: Dodged            |    43 |     1 ||    44
Block: Buckler           |    22 |     4 ||    26

Table legend: (Time is in decaauts)
 A = Elapsed time spent in this place.
 B = Non-inter-level travel time spent in this place.
 C = Inter-level travel time spent in this place.
 D = Time resting spent in this place.
 E = Time spent auto-exploring this place.
 F = Levels seen in this place.
 G = Mean time per level.
                   A        B        C        D        E       F      G
               +--------+--------+--------+--------+--------+-----+--------+
         Total |   2502 |   2457 |     45 |   1088 |    954 |   3 |  834.0 |
       Dungeon |   2502 |   2457 |     45 |   1088 |    954 |   3 |  834.0 |
               +--------+--------+--------+--------+--------+-----+--------+

Top non-repeatable levels by time:
     D:1: 1200 daAuts
     D:2: 781 daAuts
     D:3: 519 daAuts
